 Dungeon Crawl Stone Soup version 0.29-a0-914-g906f1d757c (webtiles) character file.

Game seed: 17213164944207778868

3063 EnegeticOcto the Reanimator (level 9, 0/79 HPs)
             Began as a Naga Necromancer on July 26, 2022.
             Was a Follower of Hepliaklqana.
             Shot with an arrow by a centaur (6 damage)
             ... on level 7 of the Dungeon.
             The game lasted 00:14:07 (7801 turns).

EnegeticOcto the Reanimator (Naga Necromancer)      Turns: 7801, Time: 00:14:07

Health: 0/79       AC:  8    Str: 11    XL:     9   Next: 88%
Magic:  13/15      EV: 10    Int: 19    God:    Hepliaklqana [*.....]
Gold:   401        SH:  0    Dex: 12    Spells: 3/16 levels left

rFire   . . .      SeeInvis +   t - +5 quarterstaff (chaos)
rCold   . . .      Faith    .   (shield currently unavailable)
rNeg    . . .      Spirit   .   a - +0 robe
rPois   +          Reflect  .   (no helmet)
rElec   .          Harm     .   s - +2 cloak
rCorr   .          Rampage  .   f - +0 pair of gloves
Will    +....                   (no barding)
Stlth   +++.......              (no amulet)
HPRegen 0.23/turn               (no ring)
MPRegen 0.14/turn               (no ring)

@: animating dead, very slow
A: reduced essence, AC +3, large, see invisible, deformed body, poison
resistance, slowness 2, spit poison 1, naga tail 1
a: Spit Poison, Renounce Religion, Recall Ancestor, Ancestor Identity


You were on level 7 of the Dungeon.
You worshipped Hepliaklqana.
Hepliaklqana was aware of your devotion.
You visited 2 branches of the dungeon, and saw 8 of its levels.

You collected 401 gold pieces.

Inventory:

Hand Weapons
 c - a +0 short sword
   (You took it off a kobold on level 1 of the Dungeon)
 d - a +2 flail of protection
   (You took it off a gnoll on level 2 of the Dungeon)
 g - a +0 mace
   (You found it on level 1 of the Dungeon)
 h - a +0 dagger of electrocution
   (You found it on level 1 of the Dungeon)
 t - a +5 quarterstaff of chaos (weapon)
   (You took it off Crazy Yiuf on level 2 of the Dungeon)
 u - a +1 trident of venom
   (You found it on level 3 of the Dungeon)
 H - a +4 war axe of venom
   (You found it on level 5 of the Dungeon)
Missiles
 i - 3 poisoned darts
 x - 2 throwing nets {!f}
Armour
 a - a +0 robe (worn)
 f - a +0 pair of gloves (worn)
   (You found it on level 1 of the Dungeon)
 n - a +0 buckler
   (You found it on level 3 of the Dungeon)
 s - a +2 cloak (worn)
   (You took it off Crazy Yiuf on level 2 of the Dungeon)
 y - a +1 plate armour of fire resistance
   (You found it on level 4 of the Dungeon)
Jewellery
 r - an amulet of guardian spirit
   (You found it on level 3 of the Dungeon)
 E - a ring of fire
   (You found it on level 4 of the Dungeon)
Wands
 q - a wand of roots (17)
   (You found it on level 3 of the Dungeon)
 J - a wand of mindburst (6)
   (You found it on level 5 of the Dungeon)
 K - a wand of charming (6)
   (You found it on level 5 of the Dungeon)
Scrolls
 e - a scroll of noise
 p - a scroll of blinking {unknown}
 v - a scroll of teleportation {@r3 !r}
 w - a scroll of immolation
 B - a scroll of acquirement {unknown}
 C - a scroll of poison
 N - a scroll of fear {!r}
Potions
 b - a potion of magic
 j - 3 potions of attraction
 k - 3 potions of ambrosia
 l - 4 potions of curing {@q1 !q}
 m - 2 potions of flight
 o - 2 potions of degeneration {unknown}
 z - a potion of lignification {unknown}
 A - 2 potions of heal wounds {unknown}
 F - 3 potions of mutation {unknown}
 I - a potion of resistance {unknown}
 L - 3 potions of brilliance {unknown}
 M - a potion of might {unknown}


   Skills:
 - Level 8.0 Fighting
 - Level 1.5 Dodging
 - Level 7.0 Stealth
 - Level 4.0 Spellcasting
 + Level 9.5 Necromancy
 - Level 3.0 Evocations


You had 3 spell levels left.
You knew the following spells:

 Your Spells              Type           Power      Damage    Failure   Level
a - Necrotise             Necr           100%       1d9       1%          1
b - Vampiric Draining     Necr           40%        2d8       1%          3
c - Animate Dead          Necr           40%        N/A       2%          4
d - Agony                 Necr           40%        N/A       8%          5

Your spell library contained the following spells:

 Spells                   Type           Power      Damage    Failure   Level
 Poisonous Vapours        Pois/Air       6%         N/A       21%         2
 Corpse Rot               Necr/Pois/Air  15%        N/A       36%         4
 Cause Fear               Hex            1%         N/A       80%         4
 Dragon Form              Tmut           1%         N/A       100%        7
 Dragon's Call            Summ           1%         N/A       100%        9


Dungeon Overview and Level Annotations

Branches:
Dungeon (7/15) Zot: 26965  Temple (1/1) D:4 Zot: 5915

Altars:
Cheibriados
Elyvilon
Gozag
Hepliaklqana
Nemelex Xobeh
Qazlal
Trog
Uskayaw
Xom
Yredelemnul
The Shining One
Lugonu

Annotations:
D:3 3 runed translucent doors, exclusion: 3 doors, Majang's ghost, amateur MeEE


Innate Abilities, Weirdness & Mutations

Your life essence is reduced to manifest your ancestor. (-10% HP)
Your serpentine skin is tough. (AC +3)
You have supernaturally acute eyesight. (SInv)
Armour fits poorly on your strangely shaped body.
Your system is resistant to poisons. (rPois)
You cover ground very slowly.
You can spit poison.
You have a snake-like lower body.


Message History

Your orc wizard zombie hits the orc wizard but does no damage.
Your orc wizard zombie hits the orc.
A gnoll comes into view. It is wielding a +0 flail.
The orc closely misses your water moccasin.
The orc wizard hits your orc wizard zombie with a +0 dagger.
Your water moccasin closely misses the orc wizard.
You thump the orc wizard!
You kill the orc wizard!
The dead are walking!
Your water moccasin closely misses the orc.
The orc closely misses your water moccasin.
The gnoll hits your ogre with a +0 flail!
Your orc wizard zombie hits the orc.
Your water moccasin barely misses the orc.
You swap places.
A black bear comes into view.
Zarja barely misses the orc.
The orc barely misses you.
The gnoll hits your ogre with a +0 flail!
Your ogre dies!
Your ogre's corpse dissolves into shadows!
Zarja hits the orc!
The orc dies!
The dead are walking!
Things that are here:
a +0 dagger; a +0 robe The gnoll hits your gnoll zombie with a +0 flail!
Your gnoll zombie is destroyed!
The gnoll hits your orc priest zombie with a +0 flail!
Found a scroll labelled BUERUO GOESUS.
Something hits your orc priest zombie!
Your gnoll bouda zombie hits the gnoll!
The gnoll hits your orc wizard zombie with a +0 whip!
Your orc wizard zombie closely misses the gnoll.
Found 5 javelins.
The gnoll hits your gnoll bouda zombie with a +0 whip.
The gnoll hits your orc zombie with a +0 flail!
Your orc zombie is destroyed!
Your gnoll bouda zombie barely misses the gnoll.
Your orc wizard zombie hits the gnoll but does no damage.
A centaur comes into view.
The gnoll hits your gnoll bouda zombie with a +0 whip.
Your gnoll bouda zombie hits the gnoll!
The gnoll dies!
Your orc wizard zombie hits the gnoll but does no damage.
The gnoll hits your orc wizard zombie with a +0 flail.
The centaur shouts!
You hear a shout!
A centaur comes into view.
You sock the black bear! You freeze the black bear.
The black bear is moderately wounded.
The centaur wields a +0 shortbow.
The centaur shoots an arrow.
The arrow hits you.
The centaur wields a +0 shortbow.
The centaur shoots an arrow.
The arrow hits you. The black bear bites you. The black bear barely misses you.
The black bear claws you but does no damage.
The centaur shoots an arrow.
The arrow completely misses you. The arrow hits your orc wizard zombie!
You hit the black bear but do no damage.
The black bear is moderately wounded.
The centaur shoots an arrow.
The arrow hits you.
The centaur shoots an arrow.
The arrow barely misses you. The black bear bites you.
The black bear barely misses you.
The black bear claws you but does no damage.
The black bear bites you but does no damage.
The black bear barely misses you.
The black bear claws you but does no damage.
Your gnoll bouda zombie misses the gnoll.
You sock the black bear!
The black bear is severely wounded.
The centaur shoots an arrow.
The arrow hits you.
The black bear goes berserk!
The centaur shoots an arrow.
The arrow hits you!
The centaur shoots an arrow.
The arrow closely misses you. The gnoll attacks as you move away!
The gnoll hits you with a +0 flail. The black bear bites you.
The black bear claws you but does no damage.
The black bear claws you.
The centaur shoots an arrow.
The arrow hits you!
* * * LOW HITPOINT WARNING * * *
The centaur shoots an arrow.
The arrow misses you.
The arrow hits the black bear!
The black bear dies!
The dead are walking!
The centaur shoots an arrow.
The arrow hits you.
* * * LOW HITPOINT WARNING * * *
The centaur shoots an arrow.
The arrow hits you!
* * * LOW HITPOINT WARNING * * *
Okay, then.
Really quaff
l - 5 potions of curing {@q1 !q}?
You feel better.
Your water moccasin completely misses the gnoll.
The centaur shoots an arrow.
The arrow hits you.
* * * LOW HITPOINT WARNING * * *
The gnoll hits you with a +0 flail.
* * * LOW HITPOINT WARNING * * *
The centaur shoots an arrow.
The arrow closely misses you.
Your orc wizard zombie closely misses the gnoll.
Your water moccasin bites the gnoll!
Your gnoll bouda zombie hits the gnoll but does no damage.
You swap places.
The centaur shoots an arrow.
The arrow hits your water moccasin!
Your water moccasin dies!
Your water moccasin's corpse dissolves into shadows!
The centaur shoots an arrow.
The arrow hits you.
You die...

,,,,,,,,,*##...#.*..#..,,,,,,,,,,
,,<,,,,,,......#.#....#,.,,,,,,,,
,,,,,,,,,........#....#.,,,,,,,,,
,,,,,,,,,..............,,,,,,,,,,
,,,,,,,,,............#**,,,>,,,,,
,,,,,,,,,,.........cc####,,,,,,,*
,,,,,..,,,*##...Z........,,,,****
,,,,,,..,**#......#***,,,,,,,*
,,,*,,...###...$@g##****,,,,**
,,,*,*#..#.##.R.ZZZ#,,,,,,***
**,,,,*........Z..##..,,,**
,,,,.*##.#.............,,,*
,,,,..#..##).ZZ.#...?..,,**
,,,,......)).......#...,,,*
*,,,..................(,,,*
*,,,.......))#)...##...,,,**
,,,,.........#...).....,,,,*


You could see the friendly Zarja the ancestor, 2 centaurs, a gnoll (unaware,
ally target), a friendly black bear zombie, a friendly gnoll zombie, a friendly
gnoll bouda zombie, a friendly orc priest zombie and 3 friendly orc wizard
zombies.

Vanquished Creatures
  Pikel (D:5)
  Prince Ribbit (D:5)
  Sigmund (D:5)
  Eustachio (D:4)
  A water moccasin (D:5)
  An ice beast (D:6)
  2 ogres
  2 phantoms
  A bullfrog (D:6)
  A necrophage (D:5)
  A gnoll sergeant (D:6)
  A scorpion (D:6)
  An orc priest (D:7)
  2 hounds (D:4)
  Crazy Yiuf (D:2)
  2 gnoll boudas
  Jessica (D:2)
  Natasha (thrice) (D:2)
  5 orc wizards
  2 iguanas
  A hound zombie (D:3)
  13 gnolls
  9 adders
  2 shadow imps (D:6)
  A white imp (D:6)
  An ufetubus (D:4)
  An adder zombie (D:3)
  A worm (D:4)
  2 dart slugs (D:2)
  13 orcs
  9 ball pythons
  4 bats
  4 endoplasms
  4 giant cockroaches
  2 goblins
  4 hobgoblins
  4 jackals (D:4)
  4 quokkas
  3 frilled lizards
  6 kobolds
  A rat (D:1)
120 creatures vanquished.

Vanquished Creatures (collateral kills)
  An orc warrior (D:6)
  An ogre (D:6)
  A phantom (D:6)
  A scorpion (D:4)
  A hound (D:6)
  A gnoll bouda (D:7)
  An orc wizard (D:7)
  11 gnolls
  2 orcs
  A rat (D:1)
21 creatures vanquished.

Vanquished Creatures (others)
  A black bear (D:7)
  An ogre zombie (D:6)
  A bat zombie (D:3)
  4 gnoll zombies
  3 orc zombies
  15 plants (D:6)
25 creatures vanquished.

Grand Total: 166 creatures vanquished

Notes
Turn   | Place    | Note
-------+----------+-------------------------------------------
     0 | D:1      | EnegeticOcto the Naga Necromancer began the quest for the
                  | Orb.
     0 | D:1      | Reached XP level 1. HP: 15/15 MP: 3/3
   394 | D:1      | Reached XP level 2. HP: 22/22 MP: 5/5
  1059 | D:1      | Found a faded altar of an unknown god.
  1353 | D:2      | Reached skill level 5 in Necromancy
  1353 | D:2      | Reached XP level 3. HP: 12/28 MP: 3/6
  1582 | D:2      | Learned a level 3 spell: Vampiric Draining
  1615 | D:2      | Noticed Natasha
  1627 | D:2      | Killed Natasha
  1628 | D:2      | Reached skill level 1 in Fighting
  1628 | D:2      | Reached XP level 4. HP: 10/39 MP: 1/7
  1823 | D:2      | Noticed Natasha
  1829 | D:2      | Killed Natasha
  1830 | D:2      | Reached skill level 2 in Fighting
  2035 | D:2      | Noticed Jessica
  2039 | D:2      | Killed Jessica
  2271 | D:2      | Noticed Natasha
  2276 | D:2      | Killed Natasha
  2277 | D:2      | Reached XP level 5. HP: 45/45 MP: 0/8
  2312 | D:2      | Learned a level 4 spell: Animate Dead
  2370 | D:2      | Reached skill level 6 in Necromancy
  2376 | D:2      | HP: 1/45 [gnoll/+2 flail of protection (5)]
  3068 | D:2      | Found a runed translucent door.
  3069 | D:2      | Noticed Crazy Yiuf
  3204 | D:2      | Killed Crazy Yiuf
  3337 | D:3      | Reached XP level 6. HP: 31/52 MP: 6/9
  3667 | D:3      | Found a runed translucent gate.
  3667 | D:3      | Found a runed translucent gate.
  3667 | D:3      | Found a runed translucent gate.
  3667 | D:3      | Noticed Majang's ghost (amateur MeEE)
  3669 | D:3      | Found a basalt altar of Yredelemnul.
  3764 | D:3      | Reached skill level 7 in Necromancy
  3891 | D:3      | Found a snail-covered altar of Cheibriados.
  3948 | D:4      | Found a sparkling altar of Nemelex Xobeh.
  4087 | D:4      | Reached XP level 7. HP: 40/60 MP: 5/10
  4218 | D:4      | Noticed Eustachio
  4233 | D:4      | Killed Eustachio
  4234 | D:4      | Reached skill level 8 in Necromancy
  4234 | D:4      | Reached skill level 4 in Stealth
  4418 | D:4      | Noticed a +0 dagger
  4419 | D:4      | Noticed a +0 hand axe
  4420 | D:4      | Found a hide-covered altar of Uskayaw.
  4521 | D:4      | Found a staircase to the Ecumenical Temple.
  4532 | Temple   | Entered the Ecumenical Temple
  4579 | Temple   | Became a worshipper of Hepliaklqana the Forgotten
  4618 | D:4      | Reached skill level 3 in Fighting
  4785 | D:4      | Reached skill level 5 in Stealth
  4888 | D:5      | Entered Level 5 of the Dungeon
  4916 | D:5      | Noticed Prince Ribbit
  4935 | D:5      | Killed Prince Ribbit
  4936 | D:5      | Reached skill level 4 in Fighting
  4936 | D:5      | Reached skill level 3 in Spellcasting
  4936 | D:5      | Reached XP level 8. HP: 18/72 MP: 1/13
  5211 | D:5      | Reached skill level 4 in Spellcasting
  5503 | D:5      | Reached skill level 5 in Fighting
  6071 | D:5      | Noticed Sigmund
  6080 | D:5      | Killed Sigmund
  6081 | D:5      | Reached skill level 6 in Fighting
  6461 | D:6      | Noticed Pikel
  6547 | D:5      | Killed Pikel
  6548 | D:5      | Reached skill level 8 in Fighting
  6548 | D:5      | Reached skill level 6 in Stealth
  6548 | D:5      | Reached XP level 9. HP: 71/88 MP: 8/15
  6624 | D:5      | Learned a level 5 spell: Agony
  6647 | D:6      | Reached * piety under Hepliaklqana
  6668 | D:6      | Reached skill level 7 in Stealth
  6668 | D:6      | Reached skill level 1 in Evocations
  6744 | D:6      | Reached skill level 2 in Evocations
  6746 | D:6      | Reached skill level 3 in Evocations
  7557 | D:6      | Reached skill level 9 in Necromancy
  7799 | D:7      | HP: 3/79 [centaur/arrow (13)]
  7801 | D:7      | Shot with an arrow by a centaur

Illustrated notes

Levels and vault maps discovered:
D:1:      heliophobic_arrival_dark_side_of_the_moon, layout_loops_ring,
          ebering_ecumenical_altar_rust, minmay_misc_feat_tiny
D:2:      layout_basic, uniq_jessica, uniq_natasha, uniq_crazy_yiuf_cottage
D:3:      layout_rooms, lemuel_round_altar, nicolae_yredelemnul_ghost_church
D:4:      minmay_evil_eye, layout_basic, nemelex_xobeh_ov_fountains_minmay,
          dancing_weapons_uskayaw, minmay_temple_entry_antechambers,
          minmay_checkerbox, uniq_eustachio
D:5:      layout_basic, saegor_snake_ambush, uniq_sigmund, uniq_prince_ribbit1
D:6:      layout_loops_ring, nicolae_grassy_gnolls, uniq_pikel
D:7:      layout_cave_pools, enter_bailey_5, uniq_duvessa
Temple:   corrupted_temple

Skill      XL: |  1  2  3  4  5  6  7  8  9 |
---------------+----------------------------+-----
Necromancy     | 5 6 7 8 9 |  9.5
Fighting       | 1 2 4 8 |  8.0
Stealth        | 5 6 7 |  7.0
Spellcasting   | 3 4 |  4.0
Evocations     | 3 |  3.0
Dodging        | |  1.5

Action                   |  1- 3 |  4- 6 |  7- 9 || total
-------------------------+-------+-------+-------++-------
Melee: Unarmed           |     6 |       |       ||     6
       Dagger            |    34 |    11 |       ||    45
       Punch             |       |     1 |       ||     1
       Quarterstaff      |       |    63 |   168 ||   231
 Cast: Necrotise         |    30 |    38 |    30 ||    98
       Vampiric Draining |     1 |     4 |    21 ||    26
       Animate Dead      |       |     2 |     5 ||     7
Invok: Recall Ancestor   |       |       |     1 ||     1
 Abil: Spit Poison       |     1 |     2 |     1 ||     4
Evoke: Wand              |       |     2 |    10 ||    12
  Use: Scroll            |       |     3 |     9 ||    12
       Potion            |       |       |     1 ||     1
 Stab: Sleeping          |     2 |     1 |    11 ||    14
Armor: Robe              |    14 |    56 |    77 ||   147
Dodge: Dodged            |    25 |    59 |   117 ||   201

Table legend: (Time is in decaauts)
 A = Elapsed time spent in this place.
 B = Non-inter-level travel time spent in this place.
 C = Inter-level travel time spent in this place.
 D = Time resting spent in this place.
 E = Time spent auto-exploring this place.
 F = Levels seen in this place.
 G = Mean time per level.
                   A        B        C        D        E       F      G
               +--------+--------+--------+--------+--------+-----+--------+
         Total |   9350 |   9025 |    325 |   1395 |   6145 |   8 | 1168.8 |
       Dungeon |   9266 |   8957 |    309 |   1395 |   6108 |   7 | 1323.7 |
        Temple |     84 |     68 |     16 |      0 |     36 |   1 |   84.0 |
               +--------+--------+--------+--------+--------+-----+--------+

Top non-repeatable levels by time:
     D:2: 2242 daAuts
     D:5: 1818 daAuts
     D:1: 1467 daAuts
     D:6: 1441 daAuts
     D:4: 1347 daAuts
     D:3: 916 daAuts
  Temple: 84 daAuts
     D:7: 32 daAuts
